AoeStats
← Johnny_von_Cash

Black Forest

510818586Analyzed
2v2 RM · 23h ago on Oct 2, 2026· 21m 17s· 4 players
Game mode
Random Map
Map size
Medium (4 player)
Population
200
Speed
Normal
Resources
Standard
Victory
Conquest
Starting age
Dark Age
Ending age
Imperial Age
RankedLock teamsTeams togetherTeam positionsShared explorationLock speedFull tech treeHidden civsTurbo modeCheats
Victory
Defeat
🇹🇷 Armenians · Türkiye
999
+14
🇹🇷 Cumans · Türkiye
992
+14
🇧🇦 Italians · Bosnia & Herzegovina
967
-15
🇩🇪 Chinese · Germany
930
-13
Koksal Jr.
0:54 Loom
11:54 Feudal Age
12:47 Double-Bit Axe
13:11 Horse Collar
16:14 Wheelbarrow
19:12 Castle Age
17:31 Scale Mail Armor
17:23 Man-at-Arms
19:15 Long Swordsman
21:37 Chain Mail Armor
Johnny_von_Cash
0:29 Loom
14:58 Feudal Age
15:47 Man-at-Arms
WellPlayed
8:49 Feudal Age
9:18 Double-Bit Axe
GarbageCollector
11:05 Feudal Age
12:26 Man-at-Arms
14:21 Long Swordsman
15:14 Forging
15:04 Scale Mail Armor
19:39 Double-Bit Axe
20:13 Horse Collar
Connection lost

Rejoining the realm…

Still unreachable

The connection could not be restored.

Session expired

The server has moved on; the page needs a fresh start.